 Dungeon Crawl Stone Soup version 0.27.1-33-g824d729ab1 (webtiles) character file.

Game seed: 3071774910253041457

74 comborobin the Sneak (level 4, 0/46 HPs)
             Began as an Octopode Brigand on Dec 29, 2021.
             Killed from afar by an orc wizard (8 damage)
             ... with a magic dart
             ... on level 3 of the Dungeon.
             The game lasted 00:02:12 (1836 turns).

comborobin the Sneak (Octopode Brigand)             Turns: 1836, Time: 00:02:13

Health: 0/46       AC: 22    Str: 10    XL:     4   Next: 28%
Magic:  4/4        EV:  2    Int: 13    God:
Gold:   92         SH:  0    Dex: 12    Spells: 3/3 levels left

rFire    + . .     SeeInvis .   a - +2 dagger
rCold    + . .     Faith    .   (no shield)
rNeg     + + +     Spirit   .   (helmet currently unavailable)
rPois    +         Reflect  .   (no amulet)
rElec    +         Harm     .   d - ring of poison resistance
rCorr    +         Rampage  .   l - ring of wizardry
Will     .....     NoTele   +   (no ring)
Stlth    +.........             (no ring)
HPRegen  0.15/turn              (no ring)
MPRegen  0.09/turn              (no ring)
                                (no ring)
                                (no ring)

@: confused, tree-form, resistant, very slightly contaminated, invisible
A: stationary, stasis, torment immunity, boosted hp, almost no armour,
(amphibious), 8 rings, (camouflage 1), (gelatinous body 1), (nimble swimmer 1),
(tentacles), (iridescent scales 1), clumsy 1, evolution 1
a: no special abilities


You were on level 3 of the Dungeon.
You were a tree.
You visited 1 branch of the dungeon, and saw 3 of its levels.

You collected 92 gold pieces.

Inventory:

Hand Weapons
 a - a +2 dagger (weapon)
Missiles
 b - 7 poisoned darts (quivered)
Jewellery
 d - a ring of poison resistance (left branch)
 l - a ring of wizardry (right branch)
Scrolls
 e - a scroll of fear {unknown}
 h - a scroll of enchant weapon {unknown}
 k - 2 scrolls of identify {unknown}
 m - a scroll of fog {unknown}
 n - a scroll of enchant armour {unknown}
 p - a scroll of teleportation {unknown}
 r - a scroll of noise {unknown}
Potions
 f - a potion of resistance
 j - a potion of might {unknown}
 q - a potion of berserk rage {unknown}


   Skills:
 + Level 3.3 Fighting
 + Level 2.5 Short Blades
 - Level 2.0 Throwing
 + Level 1.8 Dodging
 + Level 5.8 Stealth


You had 3 spell levels left.
You didn't know any spells.
Your spell library was empty.

Dungeon Overview and Level Annotations

Branches:
Dungeon (3/15)

Altars:


Innate Abilities, Weirdness & Mutations

You are a tree.
Your roots penetrate the ground, keeping you stationary.
You cannot be teleported.
You are immune to unholy pain and torment.
Your maximum health is greatly increased.
You cannot wear most types of armour.
((You are amphibious.))
You can wear up to eight rings at the same time.
((Your skin changes colour to match your surroundings (Stealth+).))
((Your rubbery body absorbs attacks. (AC +1, EV +1)))
((You are camouflaged near water. (Stealth+)))
((You have tentacles for arms and can constrict up to eight enemies at once.))
((You are partially covered in iridescent scales. (AC +2)))
You are clumsy. (Dex -2)
You evolve.


Message History

You kill the orc!
The orc hits you from afar with a +0 trident.
You hear some strange, mumbled words.
A puff of flame appears from out of thin air!
The puff of flame hits you.
* * * LOW HITPOINT WARNING * * *
Okay, then.
Throw: 8 darts (poison)
Press: ? - help, Q - select action Shift-Dir - straight line, f - orc
Aim: an orc, wielding a +0 trident and wearing a +0 leather armour (60% to hit)
You throw a poisoned dart. The poisoned dart hits the orc.
The orc is poisoned.
The orc hits you but does no damage.
You hear some strange, mumbled words.
You are confused.
Unknown command.
Non-targeted confused throw: 7 darts (poison)
Press: ? - help, Q - select action Dir - look around, f - activate
Okay, then.
It was a potion of resistance.
You feel protected. The orc hits you but does no damage.
It was a potion of invisibility.
You fade into invisibility!
The orc hits you from afar with a +0 trident.
* * * LOW HITPOINT WARNING * * *
You are very lightly contaminated with residual magic.
It was a potion of mutation.
You feel extremely strange.
Iridescent scales grow over part of your body.
You feel clumsy.
You feel nature experimenting on you.
Don't worry, failures die fast.
Something hits you but does no damage. The orc hits you but does no damage.
You cannot move. (Use ctrl+direction or * direction to attack without moving.)
You cannot move. (Use ctrl+direction or * direction to attack without moving.)
You cannot move. (Use ctrl+direction or * direction to attack without moving.)
You cannot move. (Use ctrl+direction or * direction to attack without moving.)
You swing at nothing.
You hear some strange, mumbled words.
A magic dart appears from out of thin air!
The magic dart hits you!
You die...

#+# ♣†≈♣#..# #
..######..# #
..........# #
#.######.## . #.)# .
##.## . #o.# . ##.## .
#{♣#### #
#####....#############
........................
##########.#############
#.#...........#
#.#.####.####.# #.#
#.#....# #.# #.#.####
... #.#.....


You could see an orc (poisoned).

Vanquished Creatures
  4 adders
  A dart slug (D:3)
  2 orcs (D:3)
  4 ball pythons
  3 bats
  4 endoplasms
  A giant cockroach (D:2)
  3 goblins
  A hobgoblin (D:1)
  3 jackals (D:2)
  A quokka (D:1)
  3 frilled lizards
  3 kobolds
  3 rats
36 creatures vanquished.

Notes
Turn   | Place    | Note
-------+----------+-------------------------------------------
     0 | D:1      | comborobin the Octopode Brigand began the quest for the
                  | Orb.
     0 | D:1      | Reached XP level 1. HP: 14/14 MP: 1/1
   214 | D:1      | Found a faded altar of an unknown god.
   430 | D:1      | Reached XP level 2. HP: 20/20 MP: 2/2
   898 | D:2      | Reached XP level 3. HP: 26/26 MP: 3/3
  1680 | D:3      | Reached XP level 4. HP: 31/31 MP: 4/4
  1835 | D:3      | Gained mutation: You are partially covered in iridescent
                  | scales. (AC +2) [potion of mutation]
  1835 | D:3      | Gained mutation: You are clumsy. (Dex -2) [potion of
                  | mutation]
  1835 | D:3      | Gained mutation: You evolve. [potion of mutation]
  1836 | D:3      | Killed from afar by an orc wizard

Illustrated notes

Levels and vault maps discovered:
D:1:      minmay_arrival_stone_box, layout_loops_cross,
          dreamdust_ecumenical_altar_grove, chequers_serial_rivers_large_a
D:2:      layout_loops_ring, kennysheep_path_1
D:3:      layout_basic, gammafunk_ghost_arena, grunt_ministairs_9,
          roderic_lattice_a, minmay_misc_feat_diagonals, hex_medium,
          saegor_snake_ambush

Skill      XL: |  1  2 |
---------------+-------+-----
Fighting       | 3 |  3.3
Short Blades   | |  2.5
Throwing       | |  2.0
Dodging        | |  1.8
Stealth        | |  5.8

Action                   |  1- 3 |  4- 6 || total
-------------------------+-------+-------++-------
Melee: Dagger            |    64 |    10 ||    74
       Constrict         |    10 |     1 ||    11
       Tentacles         |     2 |       ||     2
Throw: Dart              |       |     3 ||     3
  Use: Potion            |       |     4 ||     4
 Stab: Sleeping          |    12 |     5 ||    17
Armor: Skin              |     6 |     4 ||    10
Dodge: Dodged            |    45 |     8 ||    53
